 Dungeon Crawl Stone Soup version 0.31-a0-177-g4aa6249778 (webtiles) character file.

Game seed: 2369634441722212285

366 qw the Chopper (level 6, 0/38 HPs)
             Began as a Gargoyle Fighter on June 18, 2023.
             Slain by a lemure (6 damage)
             ... led by Pikel
             ... on level 4 of the Dungeon.
             The game lasted 00:01:35 (3676 turns).

qw the Chopper (Gargoyle Fighter)                   Turns: 3676, Time: 00:01:36

Health: 0/38       AC: 16    Str: 21    XL:     6   Next: 68%
Magic:  5/5        EV:  7    Int:  9    God:
Gold:   189        SH:  4    Dex:  9    Spells: 5/5 levels left

rFire   . . .        Y - +0 war axe
rCold   . . .        c - +0 buckler
rNeg    + . .        k - +3 chain mail
rPois   inf          (no helmet)
rElec   +            (no cloak)
rCorr   .            (no gloves)
SInv    .            (no boots)
Will    .....        m - amulet of the acrobat Stlth
                     (no ring)
HPRegen 0.26/turn    (no ring)
MPRegen 0.09/turn

%: acrobat
@: about to teleport
A: sickness immunity, AC +4, negative energy resistance 1, electricity
resistance, torment resistance 1, petrification resistance, talons 1, low MP 1,
wild magic 1
a: no special abilities


You were on level 4 of the Dungeon.
You visited 1 branch of the dungeon, and saw 4 of its levels.

You collected 189 gold pieces.


Innate Abilities, Weirdness & Mutations

You are immune to sickness and miasma.
Your stone body is resilient. (AC +4)
You are immune to poison.
You resist negative energy. (rN+)
You are resistant to electric shocks. (rElec)
You are resistant to unholy torment.
You are immune to petrification.
You have sharp toenails.
Your magical capacity is low. (-10% MP)
Your spells are a little harder to cast, but a little more powerful.


   Skills:
 - Level 4.0 Fighting
 - Level 6.0 Axes
 - Level 3.2 Armour
 + Level 0.0 Dodging
 - Level 3.2 Shields


You had 5 spell levels left.
You didn't know any spells.
Your spell library was empty.

Inventory:

Hand Weapons
 p - the +0 mace "Dragon's Tongue" {drain, Str+2 Dex-2 SInv Stlth+}
   (You found it on level 4 of the Dungeon)

   Str:       It affects your strength (+2).
   Dex:       It affects your dexterity (-2).
   SInv:      It lets you see invisible.
   Stlth:     It makes you more stealthy.
 q - a +0 flail
 Y - a +0 war axe (weapon)
Armour
 c - a +0 buckler (worn)
 k - a +3 chain mail (worn)
 o - a +0 helmet
Jewellery
 h - a ring of fire
 l - a ring of protection from fire
 m - an amulet of the acrobat (around neck)
Scrolls
 b - a scroll of teleportation
 f - a scroll of amnesia {unknown}
 r - a scroll of noise {unknown}
Potions
 a - a potion of curing {unknown}
 d - a potion of might
 e - a potion of lignification {unknown}
 g - a potion of degeneration {unknown}
 i - 2 potions of cancellation {unknown}
 j - 2 potions of mutation
 n - a potion of enlightenment {unknown}
 s - 2 potions of brilliance {unknown}

Dungeon Overview and Level Annotations

Branches:
Dungeon (4/15)
 Temple: D:4-7

Altars:
Dithmenos

Annotations:
D:4 Pikel


Message History

The lemure is severely wounded.
You closely miss the lemure. You slash Pikel!
Pikel hits you with a +2 whip of flaming.
Pikel burns you.
The lemure hits you. x2; Pikel hits you but does no damage.
The lemure barely misses you. The lemure hits you but does no damage.
You hit the lemure but do no damage. You claw the lemure, but do no damage.
The lemure is severely wounded.
You barely miss Pikel. You hit the lemure. Pikel closely misses you.
The lemure hits you but does no damage. x2
You hit the lemure.
The lemure is almost dead.
You hit Pikel but do no damage. You hit the lemure but do no damage.
Pikel hits you but does no damage.
The lemure hits you but does no damage. x2
You barely miss the lemure.
The lemure is almost dead.
You hit the lemure. You miss Pikel.
Pikel cracks his whip.
Pikel hits you with a +2 whip of flaming.
Pikel burns you. The lemure barely misses you. The lemure hits you.
You closely miss the lemure. Your kick misses the lemure.
The lemure is almost dead.
You hit Pikel. You closely miss the lemure. Pikel barely misses you.
The lemure hits you but does no damage. The lemure hits you.
Pikel hits you but does no damage. The lemure hits you but does no damage.
The lemure closely misses you.
You hit the lemure. Your kick misses the lemure.
The lemure is almost dead.
You hit Pikel. You barely miss the lemure.
Pikel hits you with a +2 whip of flaming.
Pikel burns you. You block the lemure's attack. The lemure hits you.
3675 ||| READING 2 scrolls of teleportation.
As you read the scroll of teleportation, it crumbles to dust.
You feel strangely unstable. Pikel hits you but does no damage.
The lemure closely misses you. The lemure hits you but does no damage.
You hit the lemure but do no damage. You claw the lemure.
The lemure is almost dead.
You miss the lemure. You hit Pikel. Pikel hits you but does no damage.
The lemure hits you.
You die...

.#.#.......# #.# #......# #.
...#######'###.####......#### #.
###.........##.#............# #.
.<..........##.#.##.........####.
.##.........##.#.######.......##.
............................#.##.
###.............5..####.....#.##.
#..........#.55K5.######'##.##.
#..........#.#@##..K........##.
#..........#....#..5........##.
############.#....#..5..5.....##.
.............#....#..............
..........%.......#...........###
..................#...........#
###################...........#
..........# ........#


You could see Pikel and 4 lemures.

Vanquished Creatures
  An ogre (D:4)
  A howler monkey (D:4)
  A jelly (D:4)
  Ijyb (D:3)
  2 iguanas
  4 adders
  2 worms
  A dart slug (D:1)
  4 orcs
  4 bats
  11 endoplasms
  4 giant cockroaches
  8 goblins
  11 hobgoblins
  4 jackals (D:1)
  3 kobolds
  6 quokkas
  9 ball pythons
  3 frilled lizards (D:3)
  6 rats
86 creatures vanquished.

Notes
Turn   | Place    | Note
-------+----------+-------------------------------------------
     0 | D:1      | qw the Gargoyle Fighter began the quest for the Orb.
     0 | D:1      | Reached XP level 1. HP: 14/14 MP: 1/1
     0 | D:1      | 0 ||| qw: Version: 0.3-a-7-ge0c9b40
     0 | D:1      | 0 ||| qw: Game counter: 751
     0 | D:1      | 0 ||| qw: Always use a shield: true
     0 | D:1      | 0 ||| qw: God list: Okawaru
     0 | D:1      | 0 ||| qw: Allow faded altars: false
     0 | D:1      | 0 ||| qw: Do Orc after D:15 true
     0 | D:1      | 0 ||| qw: Do second Lair branch before Depths: true
     0 | D:1      | 0 ||| qw: Lair rune preference: random
     0 | D:1      | 0 ||| qw: Plans: Normal, Zot:1-4, Slime:5, God:TSO, Crypt,
                  | Tomb, Abyss, Pan, Hells, Win
     0 | D:1      | 0 ||| PLANNING D:1-11
    33 | D:1      | 33 ||| Stepping ~*~*~tactically~*~*~ (stealth).
    63 | D:1      | Reached skill level 2 in Axes
    63 | D:1      | 63 ||| FLEEEEING.
    64 | D:1      | 64 ||| FLEEEEING.
    65 | D:1      | 65 ||| FLEEEEING.
   118 | D:1      | 118 ||| Stepping ~*~*~tactically~*~*~ (stealth).
   139 | D:1      | Reached XP level 2. HP: 17/19 MP: 2/2
   532 | D:1      | Reached skill level 3 in Axes
   614 | D:1      | Reached XP level 3. HP: 20/23 MP: 3/3
   862 | D:1      | 862 ||| UPGRADING to +3 chain mail.
   872 | D:1      | 872 ||| DROPPING +0 scale mail.
   873 | D:1      | 873 ||| READING scroll labelled QUFROG PUZOX.
   877 | D:1      | 877 ||| READING scroll labelled XUONAY KEBUY.
   878 | D:1      | 878 ||| READING scroll labelled NUSTRU LEATERIY.
   940 | D:2      | 940 ||| Stepping ~*~*~tactically~*~*~ (stealth).
  1285 | D:2      | Found a shadowy altar of Dithmenos.
  1598 | D:2      | 1598 ||| READING scroll labelled VETIFECALA.
  1658 | D:3      | 1658 ||| PLANNING SEWER
  1757 | D:3      | Reached XP level 4. HP: 28/28 MP: 4/4
  1783 | D:3      | 1783 ||| DROPPING +0 club.
  1831 | D:3      | Reached skill level 4 in Axes
  1851 | D:3      | 1851 ||| Stepping ~*~*~tactically~*~*~ (stealth).
  1883 | D:3      | Noticed Ijyb
  1884 | D:3      | HP: 7/28 [Ijyb/bolt of dispelling energy (6)]
  1885 | D:3      | 1885 ||| READING 5 scrolls of teleportation.
  1886 | D:3      | 1886 ||| READING 4 scrolls of teleportation.
  1889 | D:3      | 1889 ||| READING 3 scrolls of teleportation.
  2047 | D:3      | 2047 ||| Stepping ~*~*~tactically~*~*~ (stealth).
  2054 | D:3      | Killed Ijyb
  2055 | D:3      | Reached XP level 5. HP: 19/32 MP: 5/5
  2195 | D:3      | 2195 ||| DROPPING +0 whip.
  2323 | D:3      | 2323 ||| RIP SEWER
  2349 | D:3      | 2349 ||| PLANNING D:1-11
  2375 | D:3      | Reached skill level 5 in Axes
  2614 | D:3      | Found a faded altar of an unknown god.
  2776 | D:3      | 2776 ||| UPGRADING to amulet of the acrobat.
  2781 | D:3      | 2781 ||| READING 2 scrolls labelled ONODEL SYFEHEK.
  2782 | D:3      | 2782 ||| READING scroll labelled JASHAU ALUPH.
  2783 | D:3      | 2783 ||| READING scroll labelled GUQUMUUHIR.
  2784 | D:3      | 2784 ||| DRINKING 2 smoky red potions.
  2784 | D:3      | Gained mutation: You have sharp toenails. [potion of
                  | mutation]
  2784 | D:3      | Gained mutation: You have a pair of small horns on your
                  | head. [potion of mutation]
  2784 | D:3      | Gained mutation: You sometimes lose your temper in combat.
                  | [potion of mutation]
  2784 | D:3      | Gained mutation: You have hidden genetic potential. [potion
                  | of mutation]
  2785 | D:3      | 2785 ||| DRINKING potion of mutation.
  2785 | D:3      | Lost mutation: You have a pair of small horns on your head.
                  | [potion of mutation]
  2785 | D:3      | Lost mutation: You have hidden genetic potential. [potion
                  | of mutation]
  2785 | D:3      | Lost mutation: You sometimes lose your temper in combat.
                  | [potion of mutation]
  2785 | D:3      | Gained mutation: Your magical capacity is low. (-10% MP)
                  | [potion of mutation]
  2785 | D:3      | Gained mutation: Your spells are a little harder to cast,
                  | but a little more powerful. [potion of mutation]
  2786 | D:3      | 2786 ||| DROPPING scroll of fear.
  2967 | D:4      | 2967 ||| Stepping ~*~*~tactically~*~*~ (stealth).
  2980 | D:4      | 2980 ||| Stepping ~*~*~tactically~*~*~ (stealth).
  2984 | D:4      | Noticed Pikel
  2987 | D:4      | Noticed a lemure
  2989 | D:4      | Noticed a lemure
  2990 | D:4      | Noticed a lemure
  2993 | D:4      | Noticed a lemure
  2998 | D:4      | HP: 7/33 [Pikel/+2 whip of flaming (6)]
  2999 | D:4      | 2999 ||| READING 3 scrolls of teleportation.
  3113 | D:4      | Noticed an ogre
  3119 | D:4      | Killed an ogre
  3120 | D:4      | Reached XP level 6. HP: 18/38 MP: 5/5
  3289 | D:4      | Identified the +0 mace "Dragon's Tongue" {drain, Str+2
                  | Dex-2 SInv Stlth+}
  3525 | D:4      | Reached skill level 6 in Axes
  3529 | D:4      | 3529 ||| DROPPING +0 mace.
  3654 | D:4      | 3654 ||| Stepping ~*~*~tactically~*~*~ (stealth).
  3656 | D:4      | 3656 ||| Stepping ~*~*~tactically~*~*~ (stealth).
  3660 | D:4      | 3660 ||| Stepping ~*~*~tactically~*~*~ (stealth).
  3674 | D:4      | HP: 8/38 [Pikel/+2 whip of flaming (3)]
  3675 | D:4      | 3675 ||| READING 2 scrolls of teleportation.
  3676 | D:4      | Slain by a lemure

Levels and vault maps discovered:
D:1:      dpeg_arrival_signposts, layout_basic, serial_forest,
          infiniplex_forest_clump_medium, infiniplex_forest_clump_small,
          infiniplex_forest_straight_1, infiniplex_forest_corner_1,
          infiniplex_forest_join, infiniplex_forest_corner_1,
          infiniplex_forest_clump_tiny, infiniplex_forest_clump_curved
D:2:      layout_loops_ring, basic_altar, serial_glass, glass_columns_a,
          glass_columns_a, chequers_serial_rivers_room_b
D:3:      layout_loops_ring, shapermc_ecumenical_altar_petra, serial_forest,
          infiniplex_forest_lined_room_2, infiniplex_forest_zigzag_2,
          infiniplex_forest_straight_5, infiniplex_forest_clump_small,
          infiniplex_forest_end_2, infiniplex_forest_straight_4,
          infiniplex_forest_straight_4, gup_sewer_entry_pipe, eino_tiny_chamber,
          st_stairs_3, grunt_ministairs_1, uniq_ijyb
D:4:      layout_basic, uniq_pikel

Skill      XL: |  1  2  3  4  5  6 |
---------------+-------------------+-----
Axes           | 2 3 4 5 6 |  6.0
Fighting       | 4 |  4.0
Armour         | |  3.2
Shields        | |  3.2

Action                     |  1- 3 |  4- 6 || total
---------------------------+-------+-------++-------
  Melee: War axe           |   104 |   148 ||   252
         Kick              |       |    18 ||    18
    Use: Scroll            |     4 |     8 ||    12
         Potion            |       |     2 ||     2
 Armour: Scale mail        |    27 |       ||    27
         Chain mail        |    24 |    99 ||   123
  Dodge: Dodged            |    32 |    53 ||    85
  Block: Buckler           |    26 |    31 ||    57

Table legend:
 A = Non-vault XP
 B = Vault XP
 C = Vault XP percentage of total XP
 D = Non-vault monster count
 E = Vault monster count
 F = Vault count percentage of total count
                 A         B        C        D         E       F
            +---------+---------+-------+---------+---------+-------
      Total |     465 |      59 |  11.3 |      73 |      13 |  15.1
            +---------+---------+-------+---------+---------+-------
        D:1 |      37 |       0 |   0.0 |      19 |       0 |   0.0
        D:2 |      43 |       0 |   0.0 |      17 |       0 |   0.0
        D:3 |      95 |      59 |  38.3 |      18 |      13 |  41.9
        D:4 |     290 |       0 |   0.0 |      19 |       0 |   0.0
            +---------+---------+-------+---------+---------+-------
